 Dungeon Crawl Stone Soup version 0.30-a0-772-g5528072125 (webtiles) character file.

Game seed: 2105559181970652800

23169 arthad the Geomancer (level 13, -8/76 HPs)
             Began as a Gargoyle Earth Elementalist on Feb 12, 2023.
             Was a Believer of Vehumet.
             Mangled by a slime creature (11 damage)
             ... on level 13 of the Dungeon.
             The game lasted 00:36:57 (12884 turns).

arthad the Geomancer (Gargoyle Earth Elementalist) Turns: 12884, Time: 00:36:58

Health: -8/76      AC: 19    Str: 14    XL:     13   Next: 5%
Magic:  14/25      EV: 13    Int: 19    God:    Vehumet [**....]
Gold:   1278       SH:  0    Dex: 10    Spells: 15/29 levels left

rFire   . . .      SeeInvis .    O - staff of conjuration
rCold   + . .      Faith    .    G - orb {light}
rNeg    + . .      Spirit   .    S - +0 steam dragon scales
rPois   ∞          Reflect  .    E - +0 helmet
rElec   +          Harm     .    p - +0 cloak {rPois}
rCorr   .          Rampage  .    (no gloves)
Will    +....                    X - +0 pair of boots
Stlth   +                        I - amulet of the acrobat
HPRegen 0.32/turn                B - ring of willpower
MPRegen 0.19/turn                i - ring of protection from cold

@: glowing
A: sickness immunity, AC +9, negative energy resistance 1, electricity
resistance, torment resistance 1, petrification resistance
a: Renounce Religion


You were on level 13 of the Dungeon.
You worshipped Vehumet.
Vehumet was pleased with you.
You visited 2 branches of the dungeon, and saw 14 of its levels.

You collected 1421 gold pieces.
You spent 143 gold pieces at shops.

Inventory:

Hand Weapons
 d - a +3 short sword of venom
 f - a +3 quarterstaff of chaos
 K - the +9 spear of the Purse {elec, rElec rCorr Dex+4}
   (You found it on level 10 of the Dungeon)

   Dex:       It affects your dexterity (+4).
   rElec:     It insulates you from electricity.
   rCorr:     It protects you from acid and corrosion.
 T - a +1 hand axe of flaming
 Z - a +2 heavy morningstar
Missiles
 u - 29 poisoned darts
 C - 2 atropa-tipped darts
 D - a curare-tipped dart
 Y - a throwing net
Armour
 p - a +0 cloak of poison resistance (worn)
 w - a +2 robe of willpower
 E - a +0 helmet (worn)
 F - an orb of energy
 G - an orb of light (worn)
 S - +0 steam dragon scales (worn)
 X - a +0 pair of boots (worn)
Magical Staves
 O - a staff of conjuration (weapon)
Jewellery
 i - a ring of protection from cold (right hand)
 B - a ring of willpower (left hand)
 I - an amulet of the acrobat (around neck)
 L - a ring of ice
Wands
 m - a wand of charming (10)
 x - a wand of flame (37)
 M - a wand of acid (11)
 Q - a wand of iceblast (4)
 R - a wand of mindburst (28)
Scrolls
 a - a scroll of identify
 c - a scroll of enchant weapon
 j - 3 scrolls of immolation
 k - 2 scrolls of vulnerability {unknown}
 n - 9 scrolls of teleportation
 q - 2 scrolls of magic mapping {unknown}
 s - 4 scrolls of torment {unknown}
 y - 4 scrolls of enchant armour {unknown}
 z - 3 scrolls of poison {unknown}
 A - 3 scrolls of noise {unknown}
 H - 3 scrolls of fog {unknown}
 J - a scroll of butterflies
 P - 2 scrolls of silence {unknown}
 W - a scroll of brand weapon
Potions
 b - 2 potions of magic
 e - 4 potions of mutation
 g - 2 potions of attraction
 h - a potion of ambrosia
 l - 6 potions of might
 o - a potion of invisibility
 r - 4 potions of curing
 t - 5 potions of resistance
 v - 2 potions of cancellation
 N - 2 potions of haste
 U - a potion of flight
 V - 2 potions of lignification


   Skills:
 + Level 7.2 Fighting
 + Level 3.6 Staves
 + Level 5.7 Armour
 + Level 5.5 Dodging
 + Level 4.0 Stealth
 * Level 8.5 Spellcasting
 * Level 9.5 Conjurations
 + Level 5.7 Translocations
 + Level 5.2 Transmutations
 * Level 11.3 Earth Magic
 - Level 2.5 Evocations


You had 15 spell levels left.
You knew the following spells:

 Your Spells              Type           Power      Damage    Failure   Level
a - Sandblast             Erth           100%       2d20      1%          1
b - Stone Arrow           Conj/Erth      100%       3d13      1%          3
c - Blink                 Tloc           58%        N/A       1%          2
d - Petrify               Tmut/Erth      39%        N/A       3%          4
e - Manifold Assault      Tloc           29%        N/A       9%          4

Your spell library contained the following spells:

 Spells                   Type           Power      Damage    Failure   Level
 Kiss of Death            Conj/Necr      100%       2d13      1%          1
 Passwall                 Tmut/Erth      32%        N/A       1%          2
 Passage of Golubria      Tloc           29%        N/A       9%          4
 Kindle Blastsparks       Fire/Tloc/Air  30%        2d12      12%         3
 Ignite Poison            Fire/Tmut/Pois 14%        N/A       13%         3
 Frozen Ramparts          Ice            16%        1d3       26%         3
 Tukima's Dance           Hex            8%         N/A       26%         3
 Ice Form                 Ice/Tmut       17%        N/A       30%         4
 Freezing Cloud           Conj/Ice/Air   15%        6-21      54%         5
 Yara's Violent Unravell  Hex/Tmut       8%         3d5       63%         5
 Summon Ice Beast         Ice/Summ       8%         N/A       65%         4
 Storm Form               Tmut/Air       8%         N/A       100%        7


Dungeon Overview and Level Annotations

Branches:
Dungeon (13/15)            Temple (1/1) D:7            Lair (0/5) D:10
    Orc (0/2) D:9
 Vaults: D:13-14

Altars:
Ashenzari
Cheibriados
Dithmenos
Elyvilon
Fedhas
Gozag
Hepliaklqana
Kikubaaqudgha
Makhleb
Nemelex Xobeh
Okawaru
Qazlal
Ru
Sif Muna
Trog
Uskayaw
Vehumet
Wu Jian
Xom
Yredelemnul
Zin
The Shining One

Shops:
D:5 *[((   D:12 (

Annotations:
D:13 1 transporter, mandoloar's ghost, journeyman DrCj


Innate Abilities, Weirdness & Mutations

You are immune to sickness and miasma.
Your stone body is resilient. (AC +9)
You are immune to poison.
You resist negative energy. (rN+)
You are resistant to electric shocks. (rElec)
You are resistant to unholy torment.
You are immune to petrification.


Message History

Casting: Sandblast (safe; 1% risk of failure)
Confirm with . or Enter, or press ? or * to list all spells.
Aiming: Stone Arrow (safe; 1% risk of failure)
Press: ? - help, Shift-Dir - straight line, f - slime creature
Aim: a slime creature (almost dead, haloed, 96% to hit)
You feel a surge of power!
The stone arrow hits the slime creature!!
You kill the slime creature!
Vehumet accepts your kill.
You feel your power returning. The slime creature hits you!
* * * LOW HITPOINT WARNING * * *
You hit the slime creature but do no damage.
You blast the slime creature!
The slime creature is lightly wounded.
The slime creature hits you but does no damage.
Unknown command.
Okay, then.
Casting: Stone Arrow (safe; 1% risk of failure)
Confirm with . or Enter, or press ? or * to list all spells.
You blink.
A slime creature comes into view.
Casting: Blink (safe; 1% risk of failure)
Confirm with . or Enter, or press ? or * to list all spells.
Aiming: Stone Arrow (safe; 1% risk of failure)
Press: ? - help, Shift-Dir - straight line, f - slime creature
Aim: a slime creature (lightly wounded, haloed, 96% to hit)
You feel a surge of power!
The stone arrow hits the slime creature!
The slime creature is moderately wounded.
Casting: Stone Arrow (safe; 1% risk of failure)
Confirm with . or Enter, or press ? or * to list all spells.
Aiming: Stone Arrow (safe; 1% risk of failure)
Press: ? - help, Shift-Dir - straight line, f/p - slime creature
Aim: a slime creature (moderately wounded, haloed, 96% to hit)
You feel a surge of power!
The stone arrow hits the slime creature!!
The slime creature is severely wounded.
You feel stable enough to blink again. The slime creature hits you!
You die...

####...................#
#......................#
#......................
### #...............#+
.... #...............#
.... #.#########.....#
.... .. #.....# ....
###.....# .... #....J@.#
.... #.......# ....
#......... ...
#...###+### ... .....#
... .....# ## .J. .. ...
.. ..


You could see 2 slime creatures.

Vanquished Creatures
  A boulder beetle (D:11)
  A catoblepas (D:12)
  3 two-headed ogres (D:11)
  3 skeletal warriors (D:12)
  A cyclops (D:12)
  An ugly thing (D:13)
  2 manticores
  An unseen horror (D:11)
  2 gargoyles
  2 komodo dragons (D:10)
  Psyche (D:12)
  2 trolls
  A hornet (D:9)
  Grinder (D:3)
  2 slime creatures (D:13)
  A shadow (D:9)
  2 wyverns (D:11)
  2 wraiths
  9 yaks
  3 steam dragons
  3 vampire mosquitoes (D:10)
  An acid dragon (D:9)
  4 water moccasins
  4 orc warriors
  4 ice beasts
  A black bear (D:6)
  2 hornet zombies (D:7)
  A sky beast (D:6)
  A centaur (D:10)
  A phantom (D:7)
  5 bullfrogs
  A kobold brigand (D:6)
  2 necrophages
  A wyvern zombie (D:7)
  5 scorpions
  11 wights
  14 killer bees
  4 howler monkeys
  11 orc priests
  7 hounds
  A jelly (D:7)
  Crazy Yiuf (D:3)
  A gnoll bouda (D:8)
  2 iguanas
  Terence (D:3)
  15 orc wizards
  Robin (D:3)
  2 howler monkey zombies (D:7)
  4 gnolls (D:6)
  6 adders
  3 white imps
  3 ufetubi (D:5)
  A worm (D:5)
  2 dart slugs
  39 orcs
  3 ball pythons
  3 bats
  4 endoplasms
  A giant cockroach (D:3)
  12 goblins
  8 hobgoblins
  A quokka (D:5)
  3 frilled lizards
  13 kobolds
  4 rats (D:1)
258 creatures vanquished.

Vanquished Creatures (others)
  6 plants (D:10)
  6 withered plants (D:7)
12 creatures vanquished.

Grand Total: 270 creatures vanquished

Notes
Turn   | Place    | Note
-------+----------+-------------------------------------------
     0 | D:1      | arthad the Gargoyle Earth Elementalist began the quest for
                  | the Orb.
     0 | D:1      | Reached XP level 1. HP: 10/10 MP: 3/3
   151 | D:1      | Reached XP level 2. HP: 15/15 MP: 3/5
   303 | D:1      | Reached skill level 4 in Earth Magic
   781 | D:2      | Reached XP level 3. HP: 19/19 MP: 4/6
  1571 | D:3      | Noticed Grinder
  1573 | D:3      | Reached skill level 1 in Conjurations
  1625 | D:2      | Learned a level 3 spell: Stone Arrow
  1628 | D:2      | Learned a level 2 spell: Blink
  1634 | D:3      | Found an ancient bone altar of Kikubaaqudgha.
  1635 | D:3      | Found a stormy altar of Qazlal.
  1750 | D:3      | Noticed Terence
  1760 | D:3      | Reached XP level 4. HP: 24/24 MP: 4/7
  1853 | D:3      | Paralysed by Grinder for 5 turns
  1858 | D:3      | Killed Grinder
  1859 | D:3      | Reached skill level 1 in Fighting
  1859 | D:3      | Reached skill level 1 in Translocations
  1859 | D:3      | Reached skill level 5 in Earth Magic
  1859 | D:3      | Reached XP level 5. HP: 21/29 MP: 5/9
  1859 | D:3      | Reached XP level 6. HP: 25/34 MP: 5/10
  1947 | D:3      | Noticed Robin
  1951 | D:3      | Killed Robin
  2025 | D:3      | Killed Terence
  2233 | D:3      | Found a runed translucent door.
  2234 | D:3      | Noticed Crazy Yiuf
  2327 | D:3      | Found a faded altar of an unknown god.
  2647 | D:3      | Killed Crazy Yiuf
  2648 | D:3      | Reached XP level 7. HP: 31/39 MP: 6/12
  3059 | D:4      | Found a sparkling altar of Nemelex Xobeh.
  3103 | D:4      | Reached skill level 1 in Transmutations
  3293 | D:5      | Entered Level 5 of the Dungeon
  3474 | D:5      | Found Ziddupha's Antique Armour Shop.
  3475 | D:5      | Found Weass's Weapon Shop.
  3478 | D:5      | Found Norcheisk's General Store.
  3479 | D:5      | Found Cices's Weapon Shop.
  3530 | D:5      | Bought a glowing robe for 88 gold pieces
  3545 | D:5      | Bought a potion of heal wounds for 55 gold pieces
  3708 | D:5      | Reached skill level 6 in Earth Magic
  3841 | D:5      | Reached XP level 8. HP: 37/45 MP: 10/14
  4896 | D:6      | Reached skill level 5 in Conjurations
  4978 | D:6      | Reached skill level 7 in Earth Magic
  5013 | D:6      | Reached skill level 1 in Armour
  5017 | D:6      | Reached XP level 9. HP: 50/51 MP: 10/16
  5077 | D:6      | Reached skill level 5 in Spellcasting
  5932 | D:7      | Found a burning altar of Makhleb.
  6031 | D:7      | Reached skill level 8 in Earth Magic
  6036 | D:7      | Learned a level 4 spell: Petrify
  6463 | D:7      | Found a staircase to the Ecumenical Temple.
  6530 | Temple   | Entered the Ecumenical Temple
  6637 | Temple   | Became a worshipper of Vehumet
  7057 | D:8      | Reached XP level 10. HP: 40/57 MP: 14/18
  7506 | D:8      | Reached * piety under Vehumet
  7506 | D:8      | Offered knowledge of Magic Dart by Vehumet.
  7507 | D:8      | Reached skill level 1 in Staves
  8227 | D:9      | Found a staircase to the Orcish Mines.
  8389 | D:9      | Reached skill level 9 in Earth Magic
  8486 | D:9      | Noticed a manticore
  8491 | D:9      | Killed a manticore
  8816 | D:9      | Reached skill level 5 in Fighting
  8998 | D:9      | Reached ** piety under Vehumet
  8999 | D:9      | Offered knowledge of Kiss of Death by Vehumet.
  9002 | D:9      | Reached XP level 11. HP: 52/63 MP: 14/21
  9110 | D:9      | Reached skill level 5 in Translocations
  9110 | D:9      | Reached skill level 10 in Earth Magic
  9110 | D:9      | Reached XP level 12. HP: 71/71 MP: 21/23
  9116 | D:9      | Learned a level 4 spell: Manifold Assault
  9204 | D:10     | Entered Level 10 of the Dungeon
  9578 | D:10     | Found a basalt altar of Yredelemnul.
  9616 | D:10     | Found an iron altar of Okawaru.
  9635 | D:10     | Reached skill level 5 in Dodging
  9686 | D:10     | Found a staircase to the Lair.
  9690 | D:10     | Identified the +9 spear of the Purse {elec, rElec rCorr
                  | Dex+4}
  9704 | D:10     | Reached skill level 5 in Armour
 10327 | D:11     | Noticed a boulder beetle
 10401 | D:11     | Noticed a two-headed ogre
 10405 | D:11     | Killed a two-headed ogre
 10465 | D:11     | Noticed a two-headed ogre
 10470 | D:11     | Killed a two-headed ogre
 10645 | D:11     | Noticed a two-headed ogre
 10647 | D:11     | Killed a two-headed ogre
 10985 | D:11     | Killed a boulder beetle
 11588 | D:12     | Found Ratula's Antique Weapon Emporium.
 11630 | D:12     | Reached skill level 5 in Transmutations
 11630 | D:12     | Reached skill level 11 in Earth Magic
 11775 | D:12     | Noticed Psyche
 11783 | D:12     | Killed Psyche
 11786 | D:12     | Identified a scroll of acquirement
 11786 | D:12     | Acquired 729 gold pieces
 11838 | D:12     | Noticed a catoblepas
 11848 | D:12     | Killed a catoblepas
 12281 | D:12     | Identified the +1 chain mail "Uwkik" {rC+}
 12612 | D:13     | Identified the +7 dire flail "Sieriass" {heavy, rElec Will+
                  | Str+3 Dex+5}
 12612 | D:13     | Noticed a two-headed ogre
 12613 | D:13     | Noticed mandoloar's ghost (journeyman DrCj)
 12614 | D:13     | Found a transporter.
 12614 | D:13     | Noticed a two-headed ogre
 12615 | D:13     | Noticed a two-headed ogre
 12615 | D:13     | Noticed a two-headed ogre
 12616 | D:13     | Noticed a two-headed ogre
 12617 | D:13     | Noticed a two-headed ogre
 12624 | D:13     | Reached XP level 13. HP: 31/76 MP: 20/25
 12880 | D:13     | HP: 1/76 [slime creature (10)]
 12884 | D:13     | Mangled by a slime creature

Illustrated notes

Levels and vault maps discovered:
D:1:      amcnicky_arrival_flooded_fountain, layout_basic, serial_glass,
          glass_columns_a, glass_columns_a
D:2:      layout_loops_corners
D:3:      layout_basic, chequers_temple_overflow_statue_of_worship,
          ebering_ecumenical_altar_hall, uniq_robin, uniq_crazy_yiuf_cottage,
          uniq_grinder, uniq_terence
D:4:      layout_rooms, mainiacjoe_overflow_paths, corexii_shack
D:5:      layout_basic, minmay_shop_grid_forest,
          minmay_a_box_with_orc_wizards_in_it
D:6:      layout_loops_ring
D:7:      layout_rooms, bloody_makhleb, temple_doors_ab, serial_undead,
          serial_undead_c, serial_undead_a, serial_undead_b, serial_undead_b,
          serial_undead_e, serial_undead_c
D:8:      minmay_inner_zag, layout_basic
D:9:      layout_basic, david_orc_2
D:10:     layout_gridville, mainiacjoe_overflow_catch_the_wave,
          david_lair_shrubbed
D:11:     layout_irregular_city
D:12:     layout_irregular_city, serial_shops, nicolae_shop_advertising_works
          [nicolae_subvault_shop_adworks], uniq_psyche
D:13:     layout_irregular_city, gammafunk_ghost_smash
Temple:   kb_temple_of_zot

Skill      XL: |  1  2  3  4  5  6  7  8  9 10 11 12 13 |
---------------+----------------------------------------+-----
Earth Magic    | 4 5 6 7 8 9 10 11 | 11.3
Conjurations   | 1 2 3 4 5 6 7 8 9 |  9.5
Fighting       | 1 2 3 4 5 6 7 |  7.2
Dodging        | 2 3 4 5 |  5.5
Spellcasting   | 3 4 5 6 7 8 |  8.5
Translocations | 1 2 3 4 5 |  5.7
Transmutations | 1 2 3 4 5 |  5.2
Armour         | 1 2 3 4 5 |  5.7
Staves         | 2 3 |  3.6
Evocations     | 2 |  2.5
Stealth        | 3 4 |  4.0

Action                     |  1- 3 |  4- 6 |  7- 9 | 10-12 | 13-15 || total
---------------------------+-------+-------+-------+-------+-------++-------
  Melee: Short sword       |     1 |     8 |    25 |       |       ||    34
         Staff             |       |       |       |    21 |     1 ||    22
         Punch             |       |       |       |     1 |       ||     1
   Cast: Sandblast         |    39 |    48 |   207 |   174 |     7 ||   475
         Stone Arrow       |       |       |    20 |    94 |     4 ||   118
         Blink             |       |       |     5 |     1 |     1 ||     7
  Evoke: Wand              |       |       |       |     6 |     3 ||     9
    Use: Scroll            |       |     6 |     1 |    13 |       ||    20
         Potion            |       |     1 |       |     4 |       ||     5
 Armour: Robe              |     3 |     7 |    58 |    11 |       ||    79
         Steam dragon scal |       |       |       |    57 |     3 ||    60
  Dodge: Dodged            |    12 |     9 |   100 |   123 |     7 ||   251

Table legend: (Time is in decaauts)
 A = Elapsed time spent in this place.
 B = Non-inter-level travel time spent in this place.
 C = Inter-level travel time spent in this place.
 D = Time resting spent in this place.
 E = Time spent auto-exploring this place.
 F = Levels seen in this place.
 G = Mean time per level.
                   A        B        C        D        E       F      G
               +--------+--------+--------+--------+--------+-----+--------+
         Total |  13127 |  12657 |    470 |   1247 |   9419 |  14 |  937.6 |
       Dungeon |  12998 |  12541 |    457 |   1247 |   9327 |  13 |  999.8 |
        Temple |    128 |    116 |     12 |      0 |     92 |   1 |  128.0 |
               +--------+--------+--------+--------+--------+-----+--------+

Top non-repeatable levels by time:
     D:8: 1306 daAuts
    D:12: 1281 daAuts
     D:7: 1250 daAuts
     D:6: 1249 daAuts
    D:10: 1116 daAuts
     D:3: 1090 daAuts
     D:5: 1048 daAuts
    D:11: 1034 daAuts
     D:9: 1015 daAuts
     D:2: 959 daAuts
     D:1: 718 daAuts
     D:4: 648 daAuts
    D:13: 279 daAuts
  Temple: 128 daAuts
